AoeStats
← XpRt_R4Rus

Arena

505740982Analyzed
1v1 RM · 20d ago on Sep 10, 2026· 50m 30s· 2 players
Game mode
Random Map
Map size
Tiny (2 player)
Population
200
Speed
Normal
Resources
Standard
Victory
Conquest
Starting age
Dark Age
Ending age
Imperial Age
RankedLock teamsTeams togetherTeam positionsShared explorationLock speedFull tech treeHidden civsTurbo modeCheats
Victory
Defeat
🇫🇷 Poles · France
915
+16
🇵🇹 Bohemians · Portugal
907
-16
XpRt_R4Rus
7:26 Loom
10:30 Feudal Age
17:38 Castle Age
18:47 Pikeman
19:18 Double-Bit Axe
21:48 Fletching
23:01 Light Cavalry
25:08 Scale Barding Armor
26:17 Wagenburg Tactics
28:38 Bodkin Arrow
31:55 Chain Barding Armor
40:38 Imperial Age
50:05 Scale Mail Armor
darkjafar87
12:44 Feudal Age
13:35 Town Watch
16:12 Castle Age
14:34 Double-Bit Axe
15:48 Horse Collar
26:22 Ballistics
28:41 Wheelbarrow
28:02 Fletching
28:29 Heavy Plow
29:07 Fortified Wall
28:42 Treadmill Crane
29:36 Masonry
32:38 Szlachta Privileges
33:27 Bodkin Arrow
34:07 Bloodlines
34:46 Scale Barding Armor
39:26 Chain Barding Armor
39:17 Forging
39:54 Hand Cart
42:26 Imperial Age
40:09 Husbandry
39:30 Light Cavalry
40:55 Murder Holes
41:46 Iron Casting
42:11 Gold Mining
44:23 Blast Furnace
42:48 Cavalier
45:52 Winged Hussar
48:13 Stone Mining
51:01 Chemistry
51:02 Crop Rotation
51:08 Lechitic Legacy
51:17 Conscription
Connection lost

Rejoining the realm…

Still unreachable

The connection could not be restored.

Session expired

The server has moved on; the page needs a fresh start.